Map: 2000 Atmosphären LE

Players

makeaturret - Winner!

  • Race: Terran Terran
  • League: Platinum

Hydropic

  • Race: Zerg Zerg
  • League: Diamond

VOD

Have the link to the VOD?

Description

Time

  • Played on: Feb. 27, 2022, 4:11 a.m.
  • Length: 13:44
Show
View Real Time Build Order
Export as new Build Order

makeaturret Terran - Winner!

Build Orders: Reaper Expand 

Get SALT Encoding   

  12  0:00  SCV  
  13  0:12  SCV  
  14  0:18  Supply Depot  
  14  0:26  SCV  
  15  0:39  SCV  
  15  0:40  Barracks  
  16  0:48  Refinery  
  16  0:51  SCV  
  17  1:03  SCV  
  18  1:15  SCV  
  19  1:31  Reaper  
  20  1:34  Command Center  
  20  1:42  SCV  
  20  1:43  Supply Depot  
  21  2:00  Orbital Command  
  21  2:09  Factory  
  21  2:13  Refinery  
  21  2:32  Barracks Reactor  
  21  2:33  SCV  
  21  2:45  SCV  
  21  2:48  SCV  
  21  2:49  Command Center  
  23  2:58  SCV  
  24  3:01  Orbital Command  
  24  3:13  SCV  
  24  3:17  Hellion x2  
  24  3:18  Barracks Tech Lab  
  29  3:27  SCV  
  30  3:36  SCV  
  30  3:39  Hellion x2  
  30  3:40  SCV  
  36  3:48  SCV  
  37  3:49  Stimpack  
  37  3:52  SCV  
  38  4:00  SCV, Hellion x2  
  38  4:02  Starport  
  43  4:04  SCV  
  43  4:07  Orbital Command  
  44  4:12  SCV  
  44  4:16  SCV  
  46  4:24  Supply Depot  
  46  4:29  Factory  
  46  4:32  Barracks  
  46  4:34  SCV, Barracks  
  47  4:46  SCV  
  47  4:47  Supply Depot  
  44  4:56  Hellion x2  
  44  4:58  Orbital Command  
  46  5:05  Liberator  
  43  5:13  Factory Tech Lab  
  43  5:18  Armory  
  43  5:20  Supply Depot, Engineering Bay  
  43  5:21  Engineering Bay  
  43  5:22  SCV x2  
  43  5:25  SCV, Refinery  
  46  5:28  Barracks Reactor x2  
  46  5:34  SCV, Barracks, Siege Tank  
  50  5:36  Widow Mine  
  50  5:37  SCV  
  50  5:38  Widow Mine  
  55  5:51  Supply Depot  
  55  5:56  SCV x2  
  55  5:57  SCV  
  58  6:03  Refinery  
  58  6:08  SCV  
  58  6:09  SCV x2, Combat Shield  
  61  6:11  Starport Reactor  
  61  6:20  SCV  
  61  6:21  SCV x2, Sensor Tower  
  61  6:25  Missile Turret  
  64  6:30  Barracks Tech Lab  
  64  6:31  Marine  
  64  6:32  Terran Infantry Weapons Level 1  
  65  6:33  SCV x3, Marine  
  65  6:34  Marine x3  
  65  6:39  Supply Depot  
  72  6:45  SCV x3  
  72  6:46  Supply Depot, Terran Infantry Armor Level 1  
  72  6:49  Marine  
  72  6:51  Marine  
  72  6:52  Marauder, Marine x2  
  78  6:57  SCV x3  
  81  7:05  Command Center  
  81  7:06  Siege Tank  
  81  7:07  Marine, Widow Mine x2  
  89  7:09  SCV x2  
  89  7:11  Drilling Claws  
  89  7:14  Marauder  
  93  7:17  Refinery  
  93  7:18  Refinery  
  93  7:24  Marine x4  
  93  7:25  Marauder  
  99  7:33  Missile Turret  
  99  7:34  Barracks  
  99  7:35  Barracks, Marauder, Widow Mine x2  
  105  7:38  Siege Tank  
  105  7:41  Marine  
  109  7:54  Medivac x2, Marine x4  
  117  7:59  Supply Depot  
  117  8:00  Missile Turret  
  117  8:01  Supply Depot  
  117  8:04  Supply Depot  
  117  8:24  Medivac x2  
  121  8:35  Marine  
  121  8:37  Barracks Reactor  
  121  8:38  Barracks Tech Lab  
  121  8:39  Concussive Shells  
  122  8:41  Terran Infantry Armor Level 2, Terran Infantry Weapons Level 2  
  122  8:48  Refinery, Siege Tank  
  122  8:49  Widow Mine  
  122  8:52  Refinery  
  122  8:53  Factory  
  127  9:02  Planetary Fortress  
  127  9:26  Marine x7  
  127  9:27  Marauder, Marine  
  127  9:28  Siege Tank  
  127  9:30  Widow Mine x2  
  144  9:32  SCV x3  
  147  9:44  SCV x3, Marine x3  
  147  9:45  Marauder x2  
  157  9:46  SCV  
  157  9:48  Command Center x2  
  157  9:49  Command Center  
  157  9:51  Widow Mine  
  160  9:56  SCV x3  
  160  9:58  SCV  
  139  10:14  Siege Tank  
  139  10:15  Marine x3, Widow Mine x3  
  139  10:16  Marine x4  
  139  10:17  Marauder, Marine  
  148  10:27  Medivac x2  
  150  10:33  Marine x3  
  150  10:34  Marauder  
  150  10:35  Marauder  
  155  10:39  Marauder  
  143  10:45  Marine x3  
  143  10:46  Siege Tank  
  116  10:51  Marine x3  
  116  10:55  Marine  
  116  10:56  Marine, Widow Mine x2  
  112  10:59  Marine  
  112  11:03  Marine x3  
  104  11:08  Marine  
  104  11:09  Marine x2  
  110  11:18  Siege Tank  
  110  11:22  Marine x4  
  110  11:23  Marauder  
  116  11:28  SCV  
  116  11:29  SCV x2  
  119  11:35  Command Center  
  119  11:38  Marine x4  
  123  11:40  SCV, Marine x4  
  123  11:41  SCV x2  
  123  11:43  Marine  
  131  11:47  Factory Tech Lab  
  131  11:50  Siege Tank  
  131  11:52  Widow Mine x2  
  138  11:54  SCV  
  138  11:56  Marine x3  
  138  11:57  Marauder, Marine  
  138  11:58  Marine x2  
  138  11:59  SCV x2, Marauder  
  151  12:02  Marauder  
  151  12:13  Widow Mine  
  151  12:14  Marine, Widow Mine  
  156  12:25  Orbital Command  
  156  12:40  Supply Depot  
  156  12:41  SCV x3, Marauder x3, Marine, Widow Mine x3  
  156  12:43  Supply Depot  
  172  12:47  Widow Mine  
  174  13:02  Marauder, Siege Tank x2  
  174  13:03  Widow Mine  
  184  13:09  Widow Mine  
Show
View Real Time Build Order
Export as new Build Order

Hydropic Zerg 

Build Orders: Hatch First 

Get SALT Encoding   

  12  0:00  Drone  
  13  0:12  Overlord  
  13  0:21  Drone  
  14  0:31  Drone x2  
  16  0:49  Hatchery  
  15  0:52  Drone  
  15  0:55  Drone  
  17  0:59  Drone  
  18  1:09  Extractor  
  17  1:14  Spawning Pool  
  17  1:17  Drone  
  17  1:20  Drone  
  18  1:28  Drone  
  19  1:39  Drone  
  20  1:50  Overlord  
  20  2:01  Queen x2  
  20  2:02  Zergling x4  
  26  2:11  Drone  
  26  2:12  Drone  
  26  2:13  Metabolic Boost  
  28  2:22  Drone  
  29  2:23  Drone  
  30  2:42  Drone x2  
  31  2:47  Hatchery  
  31  2:48  Drone x2  
  32  2:54  Drone  
  33  2:59  Drone  
  33  3:01  Pneumatized Carapace  
  34  3:10  Overlord  
  34  3:16  Drone  
  35  3:28  Queen  
  35  3:29  Drone x2  
  35  3:30  Drone x4  
  43  3:42  Overlord x2  
  43  4:03  Zergling x8  
  43  4:04  Drone x3  
  43  4:05  Queen  
  43  4:08  Queen  
  54  4:10  Overlord  
  54  4:16  Spore Crawler  
  53  4:18  Spore Crawler  
  53  4:19  Extractor  
  51  4:26  Drone x3  
  51  4:29  Drone  
  51  4:30  Extractor, Drone x2  
  56  4:32  Lair  
  56  4:35  Zergling x6  
  59  4:43  Drone x3  
  59  4:44  Drone x3  
  61  4:53  Drone x3  
  59  5:09  Drone  
  59  5:10  Drone x5  
  59  5:11  Spore Crawler  
  59  5:13  Queen  
  66  5:24  Drone  
  66  5:25  Drone x3  
  70  5:32  Drone x2  
  70  5:34  Drone  
  73  5:38  Hatchery  
  73  5:42  Hatchery, Hydralisk Den  
  69  5:50  Baneling Nest  
  69  5:52  Extractor  
  69  5:53  Queen  
  67  5:57  Drone x3  
  67  5:58  Zergling x2  
  67  5:59  Overlord x2, Zergling x6  
  74  6:07  Baneling Nest  
  74  6:08  Evolution Chamber  
  74  6:09  Overlord x2  
  72  6:17  Zergling x10  
  72  6:18  Zergling x6  
  80  6:29  Muscular Augments  
  80  6:37  Drone  
  80  6:38  Drone x11  
  92  6:46  Drone x2  
  92  6:47  Drone x3  
  97  7:01  Zergling x20  
  98  7:03  Centrifugal Hooks  
  98  7:05  Zerg Melee Weapons Level 1  
  107  7:09  Zergling x8  
  111  7:17  Zergling x12  
  117  7:24  Overlord, Zergling x2  
  117  7:25  Overlord  
  117  7:27  Extractor  
  117  7:38  Overseer  
  117  7:40  Overlord x3, Grooved Spines  
  117  7:42  Queen x2  
  121  7:45  Zergling x14  
  121  7:46  Extractor, Zergling x4  
  121  7:48  Zergling x2  
  130  7:52  Evolution Chamber  
  130  7:55  Infestation Pit  
  130  7:58  Zergling x12  
  129  8:01  Zergling x4  
  129  8:05  Baneling  
  136  8:06  Baneling x14  
  136  8:14  Hydralisk  
  136  8:15  Hydralisk x6  
  150  8:26  Zergling x12  
  156  8:30  Zergling x2  
  156  8:31  Zergling x2  
  156  8:33  Hive  
  158  8:36  Overlord x2  
  158  8:37  Zerg Ground Armor Level 1  
  158  8:38  Lurker Den  
  158  8:39  Overseer  
  157  8:49  Zergling x2  
  157  8:50  Overlord x2  
  157  8:54  Hatchery  
  157  8:55  Drone x3  
  160  8:56  Drone  
  160  8:58  Zergling x12  
  160  8:59  Extractor, Zergling x4  
  168  9:07  Baneling  
  166  9:12  Baneling x4  
  166  9:13  Baneling x16  
  166  9:14  Zergling x8  
  166  9:15  Zergling x2  
  167  9:26  Zergling x20  
  167  9:27  Zergling x2  
  167  9:28  Zergling x2  
  177  9:33  Baneling x12  
  177  9:41  Hydralisk  
  177  9:42  Hydralisk x3  
  185  9:55  Zergling x4  
  185  9:56  Zergling x6  
  172  10:07  Zergling x2  
  172  10:08  Zergling x42  
  172  10:12  Zergling x2  
  180  10:14  Zergling x4  
  180  10:17  Zergling x6  
  176  10:21  Seismic Spines  
  176  10:27  Zergling x2  
  176  10:28  Zergling x12  
  156  10:44  Zergling x2  
  156  10:45  Zergling x24  
  156  10:48  Zergling x2  
  156  10:49  Zergling x10  
  149  10:54  Zergling x2  
  149  10:55  Zergling x12  
  143  10:59  Zerg Melee Weapons Level 2  
  143  11:03  Zergling x12  
  149  11:05  Zergling x4  
  149  11:10  Zergling x6  
  151  11:16  Zergling x2  
  151  11:17  Zergling x10  
  154  11:18  Adaptive Talons  
  131  11:30  Zergling x26  
  131  11:32  Zergling x8  
  133  11:38  Overseer x2  
  132  11:41  Baneling x2  
  132  11:42  Baneling x15  
  132  11:56  Zergling x2  
  132  11:57  Zergling x24  
  132  11:58  Zergling x2  
  146  12:11  Overseer  
  146  12:12  Zergling x16  
  146  12:13  Zergling x10  
  146  12:14  Baneling  
  159  12:19  Queen  
  161  12:37  Ultralisk Cavern  
  161  12:41  Hydralisk x5  
  161  12:43  Baneling  
  170  12:45  Baneling x15  
  170  12:46  Baneling x3  
  170  13:05  Overlord x2  
  162  13:16  Zergling x2  
  162  13:17  Zergling x38  
  162  13:18  Zergling x4  
Tags
 
Add a new tag
Caveats
  • Supply blocks, unpowered buildings, or Contaminate may cause inaccurate times.
  • Supply counts are checked every 10 seconds.